 Dungeon Crawl Stone Soup version 0.30-a0-793-g160f7cfddd (webtiles) character file.

Game seed: 7288917138921581214

60 pokeman the Magician (level 3, 0/20 HPs)
             Began as a Deep Elf Hedge Wizard on Feb 20, 2023.
             Killed from afar by a white imp (6 damage)
             ... with a puff of frost
             ... on level 3 of the Dungeon.
             The game lasted 00:02:04 (2015 turns).

pokeman the Magician (Deep Elf Hedge Wizard)        Turns: 2015, Time: 00:02:05

Health: 0/20       AC:  2    Str: 13    XL:     3   Next: 80%
Magic:  1/11       EV: 12    Int: 20    God:
Gold:   98         SH:  0    Dex: 14    Spells: 4/12 levels left

rFire   . . .      SeeInvis .    a - +0 dagger
rCold   . . .      Faith    .    (no shield)
rNeg    . . .      Spirit   .    b - +0 robe
rPois   .          Reflect  .    c - +0 hat
rElec   .          Harm     .    (no cloak)
rCorr   .          Rampage  .    (no gloves)
Will    .....                    (no boots)
Stlth   ++                       (no amulet)
HPRegen 0.23/turn                h - +6 ring of strength
MPRegen 0.12/turn                (no ring)

@: no status effects
A: no striking features
a: no special abilities


You were on level 3 of the Dungeon.
You visited 1 branch of the dungeon, and saw 3 of its levels.

You collected 98 gold pieces.

Inventory:

Hand Weapons
 a - a +0 dagger (weapon)
Armour
 b - a +0 robe (worn)
 c - a +0 hat (worn)
Jewellery
 h - a +6 ring of strength (left hand)
Wands
 p - a wand of roots (8)
Scrolls
 e - a scroll of enchant weapon {unknown}
 i - 6 scrolls of identify {unknown}
 k - a scroll of teleportation {unknown}
 m - a scroll of magic mapping {unknown}
Potions
 d - a potion of magic
 f - a potion of attraction {unknown}
 g - 2 potions of flight {unknown}
 j - a potion of invisibility {unknown}
 l - a potion of curing {unknown}
 n - a potion of brilliance {unknown}
 o - a potion of lignification {unknown}


   Skills:
 - Level 1.0 Fighting
 - Level 1.0 Armour
 + Level 2.5 Dodging
 + Level 2.4 Stealth
 * Level 5.4 Spellcasting
 + Level 2.0 Conjurations
 - Level 1.1 Summonings
 - Level 1.1 Translocations


You had 4 spell levels left.
You knew the following spells:

 Your Spells              Type           Power      Damage    Failure   Level
a - Magic Dart            Conj           52%        1d5       4%          1
b - Mephitic Cloud        Conj/Pois/Air  8%         N/A       26%         3
c - Call Imp              Summ           9%         N/A       11%         2
d - Blink                 Tloc           18%        N/A       11%         2

Your spell library contained the following spells:

 Spells                   Type           Power      Damage    Failure   Level
 Slow                     Hex            20%        N/A       11%         1
 Cigotuvi's Dreadful Rot  Necr/Pois/Air  10%        N/A       17%         2
 Poisonous Vapours        Pois/Air       10%        N/A       17%         2


Dungeon Overview and Level Annotations

Branches:
Dungeon (2/15)

Altars:

Shops:
D:2 *


Message History

Aim: a white imp (100% to hit)
The magic dart hits the white imp.
The white imp is heavily wounded.
The white imp gestures at you. The puff of frost hits you!
Casting: Magic Dart (safe; 4% risk of failure)
Confirm with . or Enter, or press ? or * to list all spells.
Aiming: Magic Dart (safe; 4% risk of failure)
Press: ? - help, Shift-Dir - straight line, f/p - white imp
Aim: a white imp (heavily wounded, 100% to hit)
The magic dart hits the white imp but does no damage.
The white imp is heavily wounded.
An ogre comes into view. It is wielding a +0 giant club.
Casting: Magic Dart (safe; 4% risk of failure)
Confirm with . or Enter, or press ? or * to list all spells.
Aiming: Magic Dart (safe; 4% risk of failure)
Press: ? - help, Shift-Dir - straight line, f/p - white imp
Aim: a white imp (heavily wounded, 100% to hit)
The magic dart hits the white imp but does no damage.
The white imp is heavily wounded.
Casting: Magic Dart (safe; 4% risk of failure)
Confirm with . or Enter, or press ? or * to list all spells.
Aiming: Magic Dart (safe; 4% risk of failure)
Press: ? - help, Shift-Dir - straight line, f/p - white imp
Aim: a white imp (heavily wounded, 100% to hit)
The magic dart hits the white imp but does no damage.
The white imp is heavily wounded.
The white imp gestures at you. The puff of frost hits you.
* * * LOW HITPOINT WARNING * * *
Casting: Magic Dart (safe; 4% risk of failure)
Confirm with . or Enter, or press ? or * to list all spells.
Aiming: Magic Dart (safe; 4% risk of failure)
Press: ? - help, Shift-Dir - straight line, f/p - white imp
Aim: a white imp (heavily wounded, 100% to hit)
The magic dart hits the white imp but does no damage.
The white imp is heavily wounded.
The white imp gestures at you. The puff of frost hits you.
You die...

.# ## ...# #######
..# ....... .P#
####### ... #O#
#.# #5# #.# #.#
... #@# #.# #.#
### #.# #.# ..#
#.# #.# #.# #.#
#.# #.#
######.###.#
#.#####..........#
....)........#####
#.##.#.#.#.###


You could see an ogre and a white imp.

Vanquished Creatures
  2 adders (D:2)
  4 dart slugs
  3 ball pythons
  2 bats
  2 endoplasms
  3 giant cockroaches
  5 goblins
  2 hobgoblins (D:2)
  3 kobolds (D:1)
  A quokka (D:1)
  A ball python zombie (D:3)
  A frilled lizard (D:2)
  A rat (D:1)
30 creatures vanquished.

Notes
Turn   | Place    | Note
-------+----------+-------------------------------------------
     0 | D:1      | pokeman the Deep Elf Hedge Wizard began the quest for the
                  | Orb.
     0 | D:1      | Reached XP level 1. HP: 10/10 MP: 7/7
   216 | D:1      | Reached XP level 2. HP: 16/16 MP: 5/9
   792 | D:1      | Found a faded altar of an unknown god.
  1162 | D:2      | Reached skill level 5 in Spellcasting
  1241 | D:2      | Reached XP level 3. HP: 13/20 MP: 0/11
  1245 | D:2      | Learned a level 3 spell: Mephitic Cloud
  1248 | D:2      | Learned a level 2 spell: Call Imp
  1251 | D:2      | Learned a level 2 spell: Blink
  1385 | D:2      | Found Haucaop's Assorted Antiques.
  1775 | D:2      | Reached skill level 1 in Fighting
  1775 | D:2      | Reached skill level 1 in Armour
  1911 | D:2      | You fall into a shaft and drop 1 floor!
  2012 | D:3      | Noticed an ogre
  2015 | D:3      | Killed from afar by a white imp

Illustrated notes

Levels and vault maps discovered:
D:1:      dpeg_arrival_yet_another_circle, layout_rooms,
          ebering_ecumenical_altar_abandoned, serial_bayou_lake_a
D:2:      layout_basic, serial_shops, nicolae_shop_overgrown_old_shop,
          minmay_statues_item, uniq_crazy_yiuf_cottage
D:3:      wander_river, layout_loops_ring, serial_undead, serial_undead_f,
          serial_undead_a, serial_undead_d, serial_undead_a, serial_undead_c,
          serial_undead_e, serial_undead_b, minmay_misc_feat_doors, uniq_natasha

Skill      XL: |  1  2  3 |
---------------+----------+-----
Spellcasting   | 5 |  5.4
Fighting       | 1 |  1.0
Armour         | 1 |  1.0
Conjurations   | 2 |  2.0
Dodging        | |  2.5
Stealth        | |  2.4
Summonings     | |  1.1
Translocations | |  1.1

Action                     || total
---------------------------++-------
   Cast: Magic Dart        ||   103
 Armour: Robe              ||     3
  Dodge: Dodged            ||    10

Table legend: (Time is in decaauts)
 A = Elapsed time spent in this place.
 B = Non-inter-level travel time spent in this place.
 C = Inter-level travel time spent in this place.
 D = Time resting spent in this place.
 E = Time spent auto-exploring this place.
 F = Levels seen in this place.
 G = Mean time per level.
                   A        B        C        D        E       F      G
               +--------+--------+--------+--------+--------+-----+--------+
         Total |   2060 |   2037 |     23 |      0 |   1849 |   3 |  686.7 |
       Dungeon |   2060 |   2037 |     23 |      0 |   1849 |   3 |  686.7 |
               +--------+--------+--------+--------+--------+-----+--------+

Top non-repeatable levels by time:
     D:1: 1033 daAuts
     D:2: 915 daAuts
     D:3: 111 daAuts
